Map: Prion Terraces

Players

oremj

  • Race: Protoss Protoss
  • League: Gold

SluDge - Winner!

  • Race: Zerg Zerg
  • League: Platinum

VOD

Have the link to the VOD?

Description

Time

  • Played on: Nov. 12, 2015, 4:09 p.m.
  • Length: 8:25
Show
View Real Time Build Order
Export as new Build Order

oremj Protoss 

Build Orders:  

Get SALT Encoding   

  12  0:01  Probe (Chrono Boost)  
  13  0:11  Probe (Chrono Boost)  
  14  0:22  Probe (Chrono Boost)  
  14  0:24  Pylon  
  15  0:42  Probe (Chrono Boost)  
  16  0:44  Gateway  
  16  0:47  Assimilator  
  16  0:52  Probe (Chrono Boost)  
  17  1:03  Probe (Chrono Boost)  
  18  1:05  Pylon  
  18  1:13  Probe (Chrono Boost)  
  19  1:24  Probe (Chrono Boost)  
  20  1:34  Cybernetics Core  
  20  1:35  Probe (Chrono Boost)  
  21  1:46  Probe (Chrono Boost)  
  22  1:56  Probe (Chrono Boost)  
  23  2:06  Nexus  
  24  2:11  Mothership Core (Chrono Boost)  
  24  2:12  Warp Gate  
  25  2:16  Assimilator  
  25  2:20  Zealot  
  27  2:29  Probe (Chrono Boost)  
  28  2:36  Pylon  
  28  2:40  Probe (Chrono Boost)  
  29  2:50  Probe (Chrono Boost), Gateway  
  30  2:54  Adept  
  32  3:01  Probe (Chrono Boost)  
  33  3:08  Gateway  
  33  3:11  Probe (Chrono Boost)  
  34  3:22  Stalker, Probe (Chrono Boost)  
  34  3:25  Probe (Chrono Boost)  
  38  3:32  Pylon  
  38  3:36  Probe x2 (Chrono Boost)  
  40  3:41  Forge  
  40  3:46  Probe (Chrono Boost)  
  41  3:49  Adept  
  41  3:54  Probe (Chrono Boost)  
  44  3:57  Probe (Chrono Boost)  
  45  4:04  Probe (Chrono Boost)  
  45  4:08  Stargate  
  46  4:11  Probe (Chrono Boost)  
  46  4:15  Probe (Chrono Boost)  
  48  4:22  Probe (Chrono Boost)  
  49  4:25  Gateway  
  49  4:26  Gateway  
  49  4:27  Probe (Chrono Boost)  
  50  4:31  Probe (Chrono Boost)  
  50  4:38  Probe  
  52  4:41  Probe  
  52  4:42  Assimilator  
  53  4:47  Assimilator  
  53  4:50  Probe, Adept x3  
  58  5:11  Pylon  
  58  5:13  Pylon  
  58  5:16  Pylon  
  57  5:29  Probe x2  
  57  5:32  Zealot  
  57  5:33  Zealot x2  
  50  5:54  Void Ray (Chrono Boost)  
  50  5:55  Pylon  
  46  6:00  Stalker  
  46  6:01  Stalker  
  47  6:08  Pylon  
  19  6:20  Probe  
  19  6:22  Probe  
  11  6:53  Probe x2 (Chrono Boost)  
  17  7:04  Probe x2 (Chrono Boost)  
  19  7:09  Pylon  
  19  7:14  Probe x2 (Chrono Boost)  
  21  7:18  Pylon  
  19  7:38  Probe x2 (Chrono Boost)  
  11  8:05  Probe x2 (Chrono Boost)  
Show
View Real Time Build Order
Export as new Build Order

SluDge Zerg - Winner!

Build Orders: Hatch First 

Get SALT Encoding   

  12  0:01  Drone  
  13  0:13  Overlord  
  13  0:18  Drone  
  14  0:31  Drone  
  14  0:32  Drone  
  16  0:36  Drone  
  17  0:58  Hatchery  
  17  0:59  Drone  
  17  1:00  Drone  
  17  1:04  Extractor  
  17  1:08  Drone  
  18  1:20  Drone  
  19  1:29  Spawning Pool  
  19  1:31  Drone  
  19  1:43  Drone  
  20  1:51  Drone  
  21  2:09  Overlord  
  21  2:13  Drone  
  21  2:14  Drone  
  23  2:24  Drone x2  
  23  2:27  Metabolic Boost  
  25  2:33  Extractor  
  25  2:34  Queen  
  25  2:35  Roach Warren, Queen  
  27  2:42  Drone  
  28  2:44  Zergling x4  
  28  2:47  Drone  
  31  2:57  Drone x2  
  33  3:04  Drone  
  34  3:09  Overlord  
  34  3:20  Overlord x2  
  34  3:30  Roach x2  
  38  3:37  Roach  
  40  3:45  Roach x6  
  40  3:46  Roach  
  54  3:49  Lair  
  54  3:55  Roach  
  56  3:56  Zergling x2  
  56  4:01  Zergling x2  
  58  4:10  Zergling x4  
  58  4:14  Overlord x2  
  58  4:15  Hatchery, Overlord x2  
  59  4:32  Zergling x2  
  59  4:33  Zergling x8  
  64  4:46  Zergling x4  
  62  5:10  Zergling x14  
  64  5:22  Zergling x4  
  64  5:23  Zergling x6  
  68  5:35  Zergling x4  
  68  5:36  Zergling x4  
  68  5:45  Zergling x2  
  64  5:55  Zergling x4  
  61  6:10  Zergling x6  
  53  6:28  Drone  
  53  6:29  Zergling x4  
  44  6:53  Zergling x12  
  44  6:54  Zergling x4  
  47  7:02  Queen  
  47  7:03  Zergling x4  
  47  7:04  Zergling x6  
  54  7:08  Zergling x8  
  54  7:09  Zergling x2  
  54  7:10  Zergling x4  
  58  7:18  Zergling x6  
  57  7:39  Zergling x14  
  57  7:40  Zergling x6  
  63  7:54  Drone x4  
  63  8:00  Spire  
  63  8:03  Extractor  
  63  8:04  Extractor  
  59  8:08  Drone x4  
Tags
 
Add a new tag
Caveats
  • Supply blocks, unpowered buildings, or Contaminate may cause inaccurate times.
  • Supply counts are checked every 10 seconds.